 Dungeon Crawl Stone Soup version 0.27.0-1-g7a089689b8 (webtiles) character file.

Game seed: 7447934734449174767

94 robertstho the Magician (level 4, -2/31 HPs)
             Began as a Djinni Fire Elementalist on Aug 9, 2021.
             Slain by a gnoll (7 damage)
             ... on level 3 of the Dungeon.
             The game lasted 00:02:40 (2676 turns).

robertstho the Magician (Djinni Fire Elementalist)  Turns: 2676, Time: 00:02:40

Health: -2/31      AC:  3    Str:  7    XL:     4   Next: 94%
Gold:   106        EV:  9    Int: 18    God:
                   SH:  6    Dex: 13

rFire    + + .     SeeInvis .   l - +0 trident
rCold    x . .     Faith    .   k - +0 kite shield
rNeg     . . .     Spirit   .   a - +0 robe
rPois    ∞         Reflect  .   j - +0 helmet
rElec    .         Harm     .   (no cloak)
rCorr    .         Rampage  .   (no gloves)
Will     .....                  (boots unavailable)
Stlth    ++........             (no amulet)
HPRegen  0.10/turn              (no ring)
MPRegen  0.00/turn              (no ring)

@: weak-willed, flying, very slightly contaminated
A: sickness immunity, fire resistance 2, cold vulnerability 1, float, innate
caster, hp casting, extra vitality 1
a: no special abilities


You were on level 3 of the Dungeon.
You visited 1 branch of the dungeon, and saw 3 of its levels.

You collected 106 gold pieces.

Inventory:

Hand Weapons
 c - a +0 spear
 l - a +0 trident (weapon)
Armour
 a - a +0 robe (worn)
 j - a +0 helmet (worn)
 k - a +0 kite shield (worn)
Scrolls
 b - a scroll of amnesia
 i - a scroll of teleportation {unknown}
Potions
 e - a potion of brilliance {unknown}
 f - 2 potions of curing {unknown}
 g - 2 potions of haste {unknown}
 h - a potion of lignification {unknown}


   Skills:
 + Level 0.4 Fighting
 + Level 2.4 Dodging
 + Level 2.1 Stealth
 + Level 3.7 Spellcasting


You couldn't memorise any spells.
You knew the following spells:

 Your Spells              Type           Power      Damage    Failure   Level
a - Foxfire               Conj/Fire      64%        2x1d7     22%         1
b - Conjure Flame         Conj/Fire      16%        6-21      56%         3
c - Inner Flame           Hex/Fire       16%        N/A       56%         3
d - Sticky Flame          Conj/Fire      16%        2d4       92%         4
e - Fireball              Conj/Fire      8%         3d6       99%         5
f - Shock                 Conj/Air       64%        1d7       22%         1
Your spell library was empty.

Dungeon Overview and Level Annotations

Branches:
Dungeon (3/15)

Altars:
The Shining One


Innate Abilities, Weirdness & Mutations

You are immune to sickness and miasma.
You are immune to poison.
Your flesh is very heat resistant. (rF++)
You are vulnerable to cold. (rC-)
You float through the air rather than walking.
You learn spells naturally, not from books.
Your magical power is your life essence.
You have superior vitality. (+4 HP)


Message History

Press: ? - help, Q - select action, (/) - cycle Dir - look around, f - activate You miscast Foxfire.
Nothing appears to happen.
The foxfire hits the gnoll.
The gnoll is moderately wounded.
The foxfire hits the gnoll but does no damage.
The gnoll is moderately wounded.
Casting: Foxfire (safe; 22% risk of failure)
Press: ? - help, Q - select action, (/) - cycle Dir - look around, f - activate You miscast Foxfire.
Nothing appears to happen.
The gnoll hits you from afar with a +0 spear.
Unknown command.
Casting: Foxfire (safe; 22% risk of failure)
Press: ? - help, Q - select action, (/) - cycle Dir - look around, f - activate You miscast Foxfire.
Nothing appears to happen.
You block the gnoll's attack.
The gnoll hits you from afar with a +0 spear.
Unknown command.
Casting: Foxfire (safe; 22% risk of failure)
Press: ? - help, Q - select action, (/) - cycle Dir - look around, f - activate You conjure some foxfire!
The gnoll hits you from afar with a +0 spear. x2
* * * LOW HITPOINT WARNING * * *
Unknown command.
The foxfire hits the gnoll.
The gnoll is heavily wounded.
The foxfire hits the gnoll but does no damage.
The gnoll is heavily wounded.
The gnoll barely misses you.
Unknown command.
An orc comes into view. It is wielding a +0 club.
An orc comes into view. It is wielding a +0 flail.
As you read the scroll labelled LECWACS UMEMU, it crumbles to dust.
It is a scroll of amnesia.
You feel forgetful for a moment.
As you read the scroll labelled UBEOXO OJEUVICW, it crumbles to dust.
The orc shouts!
Magic quickly surges around you.
It was a scroll of vulnerability.
A bat comes into view.
The gnoll hits you from afar with a +0 spear!
You die...

#########
........#######
..............###
...o.............
o................
.................
.....#@......#
..............#..
......#g.........
......+..g.......
.#.####.(........
#......<#...)...
................
.......)........
#.....##........


You could see 2 gnolls and 2 orcs.

Vanquished Creatures
  A gnoll (D:3)
  3 adders (D:2)
  A worm (D:2)
  A dart slug (D:2)
  4 orcs (D:2)
  4 ball pythons
  2 endoplasms
  2 giant cockroaches
  2 hobgoblins (D:1)
  4 jackals (D:2)
  2 kobolds
  2 quokkas (D:1)
  4 bats
  A frilled lizard (D:1)
  5 goblins
  7 rats
45 creatures vanquished.

Vanquished Creatures (collateral kills)
  A foxfire (D:2)
1 creature vanquished.

Vanquished Creatures (others)
  174 foxfires
174 creatures vanquished.

Grand Total: 220 creatures vanquished

Notes
Turn   | Place    | Note
-------+----------+-------------------------------------------
     0 | D:1      | robertstho the Djinni Fire Elementalist began the quest for
                  | the Orb.
     0 | D:1      | Reached XP level 1. HP: 15/15 MP: 0/0
   279 | D:1      | Reached XP level 2. HP: 17/22 MP: 0/0
   951 | D:1      | Reached skill level 3 in Spellcasting
   951 | D:1      | Reached XP level 3. HP: 23/26 MP: 0/0
   951 | D:1      | Learned a level 1 spell: Shock
  1205 | D:2      | Found a glowing golden altar of the Shining One.
  1449 | D:2      | Found a faded altar of an unknown god.
  1634 | D:2      | Reached XP level 4. HP: 16/31 MP: 0/0
  2676 | D:3      | Slain by a gnoll

Illustrated notes

Levels and vault maps discovered:
D:1:      lightli_arrival_windingriver, layout_rooms, minmay_pentomino_s2
D:2:      layout_loops_cross, hellmonk_ecumenical_altar_lost_god, basic_altar,
          serial_bayou_pond_c, minmay_cut_off
D:3:      layout_basic, portal_sewer_entry_e, minivault_11, uniq_sigmund

Skill      XL: |  1  2  3  4 |
---------------+-------------+-----
Spellcasting   | 3 |  3.7
Stealth        | 2 |  2.1
Fighting       | |  0.4
Dodging        | |  2.4

Action                   |  1- 3 |  4- 6 || total
-------------------------+-------+-------++-------
Melee: Trident           |       |     5 ||     5
 Cast: Foxfire           |    73 |    37 ||   110
  Use: Scroll            |       |     2 ||     2
Armor: Robe              |       |     6 ||     6
Dodge: Dodged            |     5 |    15 ||    20
Block: Kite shield       |       |     5 ||     5
